 Dungeon Crawl Stone Soup version 0.24.0 (webtiles) character file.

Game seed: 13527886500542905581, levelgen mode: deterministic

7382 Illumine the Cleaver (level 10, -5/92 HPs)
             Began as a Minotaur Fighter on Feb 9, 2020.
             Was the Champion of Cheibriados.
             Slain by a death yak (17 damage)
             ... on level 9 of the Dungeon on Feb 13, 2020.
             The game lasted 00:16:17 (9062 turns).

Illumine the Cleaver (Minotaur Fighter)             Turns: 9062, Time: 00:16:19

Health: -5/92      AC: 16    Str: 43    XL:     10   Next: 92%
Magic:  8/13       EV: 15    Int: 25    God:    Cheibriados [******]
Gold:   644        SH:  0    Dex: 26    Spells: 9/9 levels left

rFire    . . .     SeeInvis .   a - +3 battleaxe (curse)
rCold    + . .     Gourm    .   (shield currently unavailable)
rNeg     . . .     Faith    .   M - +0 plate armour {rC+}
rPois    .         Spirit   .   (helmet restricted)
rElec    .         Reflect  .   i - +0 cloak
rCorr    .         Harm     .   (no gloves)
MR       .....                  E - +0 pair of boots
Stlth    ..........             (no amulet)
HPRegen  0.25/turn              O - +5 ring of intelligence
MPRegen  0.13/turn              (no ring)

@: mighty, very slow
A: retaliatory headbutt, horns 2
a: Bend Time, Temporal Distortion, Slouch, Step From Time, Renounce Religion


You were on level 9 of the Dungeon.
You worshipped Cheibriados.
Cheibriados was exalted by your worship.
You were hungry.

You visited 1 branch of the dungeon, and saw 9 of its levels.

You collected 644 gold pieces.

Inventory:

Hand Weapons
 a - a cursed +3 battleaxe (weapon)
 e - a +0 hunting sling
 z - a +0 war axe
 D - a +4 mace
 I - a +0 shortbow
Missiles
 m - 5 curare-tipped darts
 o - 73 bolts
 p - 12 boomerangs (quivered)
 t - 356 stones
 F - 140 arrows
Armour
 c - a +0 shield
 i - a +0 cloak (worn)
 E - a +0 pair of boots (worn)
 M - a +0 plate armour of cold resistance (worn)
Jewellery
 O - a +5 ring of intelligence (left hand)
 Q - a +5 amulet of reflection
 R - a +5 ring of evasion {unknown}
Wands
 x - a wand of enslavement (3)
 G - a wand of polymorph (9)
 H - a wand of iceblast (6)
 J - a wand of acid (14)
Scrolls
 g - 4 scrolls of teleportation
 j - a scroll of identify
 l - a scroll of acquirement {unknown}
 n - 2 scrolls of enchant armour {unknown}
 u - a scroll of immolation {unknown}
 v - 6 scrolls of remove curse
 y - 2 scrolls of noise {unknown}
 A - 3 scrolls of amnesia {unknown}
 B - a scroll of random uselessness {unknown}
 C - a scroll of fog {unknown}
 L - a scroll of blinking {unknown}
 N - a scroll of magic mapping {unknown}
Potions
 b - 3 potions of lignification
 d - 4 potions of might
 h - 2 potions of agility
 k - 2 potions of invisibility
 q - a potion of resistance
 r - 2 potions of brilliance
 s - 5 potions of curing
 w - a potion of heal wounds
 K - a potion of mutation
 P - a potion of cancellation {unknown}
 S - a potion of haste {unknown}
Comestibles
 f - 21 rations


   Skills:
 + Level 9.7 Fighting
 + Level 10.7 Axes
 + Level 9.0 Armour
 + Level 7.3 Dodging
 - Level 7.1 Shields
 + Level 5.5 Invocations


You had 9 spell levels left.
You didn't know any spells.
Your spell library contained the following spells:

 Spells                   Type           Power        Failure   Level  Hunger
 Magic Dart               Conj           #...         50%         1    ##.....
 Blink                    Tloc           N/A          65%         2    ###....
 Call Imp                 Summ           #.......     65%         2    ###....
 Slow                     Hex            #.......     65%         2    ###....
 Conjure Flame            Conj/Fire      #.......     86%         3    ####...
 Mephitic Cloud           Conj/Pois/Air  #.......     86%         3    ####...


Dungeon Overview and Level Annotations

Branches:
Dungeon (9/15)             Temple (0/1) D:6             Orc (0/2) D:9
   Lair: D:8-11

Altars:
Ashenzari
Cheibriados
Elyvilon
Fedhas
Gozag
Hepliaklqana
Kikubaaqudgha
Makhleb
Qazlal
Ru
Sif Muna
Trog
Uskayaw
Wu Jian
Xom
Zin
The Shining One

Shops:
D:8 }


Innate Abilities, Weirdness & Mutations

You reflexively headbutt those who attack you in melee.
You have a pair of horns on your head.


Message History

Unknown command.
You feel very mighty all of a sudden. The death yak closely misses you.
You furiously retaliate!
You headbutt the death yak! The death yak gores you. The death yak gores you!!
You hit the death yak.
The death yak is moderately wounded.
You slash the death yak! x2; The death yak completely misses you.
You furiously retaliate!
You headbutt the death yak!!
You kill the death yak!
Cheibriados thoroughly appreciates the change of pace.
Your Armour skill increases to level 9!
The death yak barely misses you. The death yak gores you!!
* * * LOW HITPOINT WARNING * * *
You barely miss the death yak.
The death yak is heavily wounded.
You slash the death yak! You barely miss the death yak.
The death yak gores you!
* * * LOW HITPOINT WARNING * * *
The death yak misses you. The death yak gores you!
You die...

.... .... ............#
.... .....[.....# ....
..........# ....
...).....# ....
..oY)....# #...
..YY.....# ### #####.
#YY....# ..## ##..#.#
#@YY...# ...###
#..#..###.....<#
###..####.#.#.##......#
.#.....#..#...##......#
..##.##.#...####......#
.##..#...##.#.##......#
...#.#.#.....###......#
.#.....#..#....#......#
#.#...#..##.#.##.....##


You could see 6 death yaks, a sky beast and an orc.

Vanquished Creatures
  A two-headed ogre (D:8)
  A death yak (D:9)
  A hippogriff (D:8)
  4 yaks (D:9)
  A spriggan (D:7)
  A shadow (D:7)
  3 hungry ghosts
  2 phantoms (D:9)
  A sky beast (D:5)
  2 orc warriors
  3 ice beasts
  5 ogres
  2 black bears
  An eye of draining (D:9)
  4 centaurs
  3 bullfrogs
  A wyvern skeleton (D:6)
  A troll zombie (D:9)
  3 scorpions
  6 killer bees (D:7)
  10 wights
  A howler monkey (D:8)
  4 crimson imps
  A quasit (D:7)
  3 jellies
  2 hounds (D:4)
  7 orc priests
  2 bullfrog skeletons
  8 orc wizards
  Terence (D:2)
  Natasha (thrice) (D:2)
  2 iguanas
  2 hell rats (D:7)
  8 worker ants
  A killer bee zombie (D:6)
  5 ogre zombies (D:9)
  A hound skeleton (D:7)
  3 worker ant zombies
  6 gnolls
  11 adders
  9 river rats (D:7)
  2 shadow imps
  An ooze (D:7)
  3 worms
  7 dart slugs
  7 leopard geckos
  26 orcs
  4 ball pythons
  2 bat zombies (D:8)
  4 giant cockroaches
  12 hobgoblins
  25 jackals
  13 kobolds
  14 quokkas
  7 bats (D:1)
  4 frilled lizards
  12 goblins
  A goblin skeleton (D:9)
  6 goblin zombies (D:9)
  A hobgoblin skeleton (D:9)
  A hobgoblin zombie (D:9)
  A jackal skeleton (D:4)
  A leopard gecko skeleton (D:7)
  An orc skeleton (D:9)
  9 orc zombies (D:9)
  17 rats
317 creatures vanquished.

Notes
Turn   | Place    | Note
-------+----------+-------------------------------------------
     0 | D:1      | Illumine the Minotaur Fighter began the quest for the Orb.
     0 | D:1      | Reached XP level 1. HP: 19/19 MP: 0/0
    41 | D:1      | Reached skill level 3 in Axes
   207 | D:1      | Reached XP level 2. HP: 27/27 MP: 1/1
   450 | D:1      | Reached XP level 3. HP: 28/33 MP: 2/2
   616 | D:1      | Reached skill level 4 in Axes
  1150 | D:2      | Noticed Natasha
  1158 | D:2      | Killed Natasha
  1158 | D:2      | Reached XP level 4. HP: 41/41 MP: 3/3
  1464 | D:1      | Reached skill level 5 in Axes
  1669 | D:2      | Found a white marble altar of Elyvilon.
  1968 | D:2      | Reached XP level 5. HP: 47/47 MP: 4/4
  1971 | D:2      | Noticed Natasha
  1983 | D:2      | Killed Natasha
  1983 | D:2      | Reached skill level 5 in Fighting
  2014 | D:2      | Noticed Natasha
  2018 | D:2      | Killed Natasha
  2286 | D:2      | Noticed Terence
  2292 | D:2      | Killed Terence
  2437 | D:3      | Found a bloodstained altar of Trog.
  2496 | D:3      | Reached skill level 6 in Axes
  2498 | D:3      | Reached XP level 6. HP: 41/56 MP: 5/5
  2499 | D:3      | Reached skill level 1 in Dodging
  2505 | D:3      | Found a snail-covered altar of Cheibriados.
  2550 | D:3      | Became a worshipper of Cheibriados the Contemplative
  2629 | D:3      | Found a sacrificial altar of Ru.
  2885 | D:3      | Found a burning altar of Makhleb.
  3219 | D:4      | Found a glowing golden altar of the Shining One.
  3359 | D:4      | Found a shattered altar of Ashenzari.
  3525 | D:4      | Reached XP level 7. HP: 62/62 MP: 6/6
  3527 | D:4      | Reached * piety under Cheibriados
  3538 | D:4      | Reached skill level 7 in Axes
  3880 | D:4      | Found a shimmering altar of Xom.
  4355 | D:4      | Reached skill level 5 in Armour
  4382 | D:5      | Entered Level 5 of the Dungeon
  4407 | D:5      | Reached ** piety under Cheibriados
  4496 | D:5      | Reached skill level 8 in Axes
  4496 | D:5      | Reached XP level 8. HP: 56/71 MP: 7/7
  5042 | D:5      | Found a stormy altar of Qazlal.
  5044 | D:5      | Found a blossoming altar of Fedhas.
  5131 | D:5      | Reached skill level 5 in Shields
  5533 | D:6      | Found a shimmering blue altar of Sif Muna.
  5710 | D:6      | Noticed a +0 hand axe
  5711 | D:6      | Reached skill level 1 in Invocations
  5712 | D:6      | Noticed a +0 dagger
  5713 | D:6      | Found a glowing silver altar of Zin.
  5717 | D:6      | Reached *** piety under Cheibriados
  5782 | D:6      | Found a hide-covered altar of Uskayaw.
  5955 | D:6      | Found a shimmering altar of Xom.
  5956 | D:6      | Found a hazy altar of Hepliaklqana.
  5957 | D:6      | Noticed a spectral ugly thing
  6024 | D:6      | Found a staircase to the Ecumenical Temple.
  6541 | D:7      | Found an opulent altar of Gozag.
  6557 | D:7      | Reached XP level 9. HP: 79/79 MP: 9/9
  6624 | D:7      | Reached **** piety under Cheibriados
  6714 | D:7      | Reached skill level 9 in Axes
  7058 | D:7      | Reached skill level 5 in Dodging
  7074 | D:7      | Reached ***** piety under Cheibriados
  7604 | D:8      | Found Rudgh's Gadget Shoppe.
  7933 | D:8      | Found an ornate altar of the Wu Jian Council.
  8127 | D:8      | Reached XP level 10. HP: 90/90 MP: 10/12
  8154 | D:8      | Found an opulent altar of Gozag.
  8231 | D:8      | Noticed a two-headed ogre
  8237 | D:8      | Killed a two-headed ogre
  8237 | D:8      | Reached skill level 10 in Axes
  8434 | D:8      | Found an ancient bone altar of Kikubaaqudgha.
  8726 | D:9      | Reached skill level 5 in Invocations
  8728 | D:9      | Reached ****** piety under Cheibriados
  8885 | D:9      | Found a staircase to the Orcish Mines.
  9055 | D:9      | Noticed a death yak
  9055 | D:9      | Noticed a death yak
  9056 | D:9      | Noticed a death yak
  9056 | D:9      | Noticed a death yak
  9056 | D:9      | Noticed a death yak
  9056 | D:9      | Noticed a death yak
  9057 | D:9      | Noticed a death yak
  9058 | D:9      | Noticed a death yak
  9061 | D:9      | Killed a death yak
  9062 | D:9      | Slain by a death yak

Levels and vault maps discovered:
D:1:      dpeg_arrival_shrine, layout_basic, minmay_misc_feat_more_columns,
          minivault_25, st_stairs_11, kennysheep_decorative_pillar
D:2:      layout_loops_ring, elyvilon_altar_3, uniq_natasha, uniq_terence
D:3:      layout_rooms, lemuel_crystal_altar, lemuel_doored_altar, bloody_trog,
          lemuel_tele_altar
D:4:      minmay_bubble_buster, layout_basic, nicolae_tso_carved_into_rock,
          marbit_many_paths, first_ration, led_xom_imps
D:5:      layout_layer_cave, grunt_temple_overflow_forces_of_nature
D:6:      layout_basic, regret_index_temple_of_mockery, lemuel_crystal_altar,
          dancing_weapons_uskayaw, temple_statues, led_sif_book
D:7:      lemuel_ratsnest, layout_layer_cave, old_standard_altar, the_bakery
D:8:      layout_loops_corners, lemuel_zombie_altar_kikubaaqudgha,
          lemuel_round_altar, serial_shops, shop, lemuel_altar_in_water
D:9:      layout_big_octagon, nicolae_ru_the_path_less_chosen,
          dpeg_lair_monsters, zombieorc1_lemuel, hangedman_decor_points,
          uniq_pikel
